Map: Cyber Forest LE

Players

youngthug

  • Race: Protoss Protoss
  • League: Diamond
  • Spawn Location: 11:00

lIlIlIlIlIlI - Winner!

  • Race: Zerg Zerg
  • League: Diamond
  • Spawn Location: 5:00

VOD

Have the link to the VOD?

Description

the move commands. the throws. the counter throws.

Time

  • Played on: April 13, 2019, 8 p.m.
  • Length: 44:15
Show
View Real Time Build Order
Export as new Build Order

youngthug Protoss 

Build Orders: 1 Gate Expand, Oracle Opening, Phoenix Opening, Archon Immortal 

Get SALT Encoding   

  12  0:00  Probe  
  13  0:12  Probe  
  14  0:19  Pylon  
  14  0:24  Probe  
  15  0:33  Probe  
  15  0:41  Probe  
  15  0:42  Gateway  
  16  0:49  Assimilator  
  17  0:52  Probe  
  18  1:04  Probe  
  19  1:21  Probe  
  20  1:28  Nexus  
  20  1:39  Cybernetics Core  
  20  1:42  Probe  
  21  1:53  Assimilator  
  21  1:54  Probe  
  21  1:58  Pylon  
  22  2:06  Probe  
  23  2:10  Adept  
  23  2:17  Warp Gate  
  23  2:20  Stargate  
  23  2:21  Probe  
  26  2:36  Adept  
  26  2:37  Probe  
  26  2:41  Probe  
  30  2:49  Probe  
  30  2:53  Probe  
  32  3:01  Probe  
  33  3:06  Adept  
  33  3:11  Oracle  
  38  3:13  Probe x2  
  39  3:25  Probe x2  
  39  3:26  Shield Battery  
  41  3:30  Assimilator  
  41  3:35  Assimilator  
  41  3:37  Probe  
  41  3:38  Probe  
  43  3:48  Phoenix  
  43  3:49  Probe  
  43  3:53  Robotics Facility  
  46  4:06  Twilight Council  
  46  4:08  Pylon  
  46  4:21  Probe x2  
  46  4:32  Warp Prism  
  46  4:34  Probe x2  
  46  4:35  Pylon  
  48  4:39  Gateway  
  48  4:40  Gateway  
  48  4:42  Forge  
  50  4:46  Probe  
  50  4:48  Templar Archives  
  50  4:49  Probe  
  52  4:58  Probe  
  53  5:01  Probe  
  53  5:02  Shield Battery  
  54  5:07  Immortal  
  54  5:10  Probe  
  54  5:13  Probe  
  56  5:19  Pylon  
  56  5:20  Charge  
  60  5:22  Probe  
  60  5:25  Probe  
  62  5:33  Pylon  
  62  5:37  Probe x2  
  62  5:38  Nexus, Protoss Ground Weapons Level 1  
  62  5:41  Pylon  
  63  5:55  High Templar x2  
  67  5:58  Gateway  
  67  5:59  Probe x2  
  69  6:05  Adept  
  69  6:09  Archon  
  69  6:11  Probe  
  69  6:12  Immortal  
  74  6:19  Pylon  
  74  6:22  Photon Cannon  
  74  6:26  High Templar  
  74  6:31  High Templar  
  79  6:32  Probe  
  79  6:33  Probe  
  80  6:40  Archon  
  80  6:41  Immortal  
  80  6:43  Zealot  
  80  6:45  Probe x2  
  84  6:52  Psionic Storm  
  88  6:55  Photon Cannon  
  88  6:56  Shield Battery  
  88  6:57  Probe x2  
  88  7:00  Sentry  
  92  7:09  Probe x2  
  94  7:20  Immortal  
  98  7:23  Protoss Ground Weapons Level 2  
  98  7:26  Gateway  
  98  7:30  Pylon  
  98  7:31  Probe x2  
  98  7:32  Photon Cannon  
  100  7:41  Assimilator  
  100  7:43  Probe x2, Assimilator  
  100  7:44  High Templar  
  104  7:46  Pylon  
  104  7:51  Zealot  
  104  7:55  Probe x2  
  104  7:58  Gateway  
  108  7:59  Gateway  
  108  8:04  High Templar x2  
  112  8:07  Probe x2  
  112  8:10  Observer  
  115  8:19  Probe x2  
  117  8:24  Pylon  
  117  8:25  Gateway, Pylon  
  117  8:26  Zealot, Pylon  
  119  8:27  Zealot x2  
  119  8:31  Probe x2  
  119  8:32  Immortal  
  125  8:43  Probe  
  125  8:44  Zealot x2, Probe  
  135  8:53  Pylon  
  135  8:55  Probe  
  135  8:56  Probe  
  136  9:07  Immortal  
  132  9:10  High Templar x3  
  132  9:11  High Templar x2  
  132  9:14  Zealot x2  
  150  9:25  Archon x2  
  150  9:29  Zealot  
  148  9:35  Zealot x2  
  146  9:42  Nexus  
  146  9:43  Photon Cannon  
  146  9:46  Photon Cannon  
  146  9:48  Photon Cannon x2  
  146  9:49  Zealot x5  
  146  9:50  Pylon  
  156  10:02  Immortal, Probe  
  156  10:04  Pylon  
  161  10:15  Protoss Ground Weapons Level 3, Zealot x3  
  163  10:27  Zealot x2  
  163  10:28  Zealot x3  
  173  10:34  Forge  
  173  10:36  Pylon, Assimilator  
  173  10:39  Assimilator  
  173  10:41  Shield Battery  
  173  10:42  Photon Cannon  
  173  10:44  Probe x2  
  165  10:50  Immortal  
  165  10:51  High Templar x2  
  165  10:56  Pylon  
  165  10:57  Zealot, Probe  
  172  10:58  Zealot, Pylon  
  172  11:03  High Templar  
  172  11:04  Archon  
  172  11:12  High Templar x3  
  172  11:14  Photon Cannon  
  172  11:15  Probe x2, Gateway  
  180  11:27  Protoss Ground Armor Level 1, Zealot x3, Probe  
  180  11:32  High Templar, Archon  
  189  11:36  High Templar  
  189  11:37  Archon  
  189  11:42  Archon  
  189  11:43  Dark Shrine  
  187  11:48  Gateway  
  181  11:57  Zealot  
  181  11:58  Zealot x2  
  181  11:59  Zealot x3  
  193  12:03  Immortal  
  197  12:14  Zealot x3  
  176  12:40  Archon  
  176  12:43  Zealot  
  176  12:44  Zealot x5  
  176  12:46  Zealot x3  
  176  12:50  High Templar  
  184  12:59  Protoss Shields Level 1  
  182  13:06  High Templar, Fleet Beacon  
  182  13:07  High Templar x4  
  182  13:09  Zealot x2, Blink  
  182  13:10  Zealot x2  
  200  13:24  Stargate  
  196  13:28  Dark Templar  
  198  13:34  Observer  
  198  13:36  Pylon  
  199  13:53  Protoss Ground Armor Level 2  
  197  14:10  Carrier x2  
  183  14:26  Dark Templar  
  183  14:27  Dark Templar  
  183  14:31  Nexus  
  182  14:34  Pylon  
  182  14:35  Pylon  
  182  14:37  Pylon  
  182  14:41  Stalker x4  
  182  14:42  Stalker x4  
  198  14:53  Observer  
  198  14:54  Protoss Air Weapons Level 1  
  198  14:58  Photon Cannon  
  197  15:00  Photon Cannon  
  197  15:01  Nexus  
  197  15:03  Photon Cannon  
  197  15:04  Pylon  
  197  15:05  Photon Cannon  
  197  15:06  Pylon  
  197  15:07  Photon Cannon  
  197  15:08  Pylon  
  197  15:10  High Templar  
  195  15:23  Tempest  
  195  15:24  Shield Battery  
  191  15:43  Zealot, Observer  
  191  15:44  Zealot x3  
  198  16:22  Cybernetics Core  
  192  16:26  Dark Templar, Zealot x3  
  198  16:33  Shield Battery  
  198  16:34  Shield Battery  
  198  16:37  Pylon  
  198  16:40  Mothership  
  198  16:41  Stalker, Assimilator  
  198  16:45  Assimilator  
  198  16:48  Protoss Shields Level 2  
  200  17:01  Photon Cannon x2  
  200  17:02  Protoss Air Armor Level 1  
  194  17:25  Tempest  
  192  17:55  Pylon  
  192  17:57  Pylon  
  192  18:02  Observer  
  191  18:10  Zealot x4  
  195  18:26  Shield Battery  
  195  18:27  Shield Battery  
  195  18:30  Photon Cannon  
  195  18:33  Photon Cannon  
  193  18:40  Photon Cannon  
  193  18:41  Photon Cannon  
  193  18:44  Photon Cannon  
  193  18:53  Zealot x3  
  199  19:11  Assimilator  
  199  19:12  Photon Cannon, Protoss Air Armor Level 2  
  199  19:14  Photon Cannon  
  199  19:15  Protoss Ground Armor Level 3, Photon Cannon, Assimilator  
  189  19:18  Photon Cannon  
  189  19:20  Photon Cannon  
  189  19:21  Photon Cannon, Pylon  
  189  19:23  Protoss Air Weapons Level 2, Photon Cannon  
  185  19:24  Photon Cannon  
  185  19:34  Zealot x4  
  185  19:35  Zealot x3  
  199  19:45  Shield Battery  
  199  19:46  Pylon  
  199  19:49  Pylon  
  199  19:51  Pylon  
  199  19:52  High Templar x3  
  185  20:06  Stalker  
  161  20:15  Stalker  
  161  20:16  Stalker x2  
  161  20:17  Stalker  
  155  20:23  Stalker  
  149  20:30  Stalker x5  
  157  20:37  Protoss Shields Level 3, Mothership  
  155  20:42  Tempest  
  155  20:43  Tempest  
  155  20:44  High Templar x4  
  171  20:51  Stalker  
  171  21:00  High Templar x2  
  171  21:03  Zealot  
  171  21:04  Dark Templar x2  
  172  21:06  Archon  
  164  21:12  Archon  
  164  21:17  Stalker  
  164  21:18  Stalker x3  
  159  21:19  Stalker  
  157  21:25  Tempest  
  157  21:27  Stalker  
  164  21:33  Archon x2  
  164  21:37  Tempest  
  160  21:46  Stalker x4  
  160  21:47  Stalker x3  
  173  21:52  Photon Cannon  
  173  21:53  Photon Cannon  
  173  21:55  Photon Cannon  
  173  21:56  Photon Cannon  
  173  21:58  Tempest, Assimilator  
  173  22:02  Dark Templar x2  
  173  22:03  Zealot  
  178  22:35  Protoss Air Weapons Level 3  
  178  22:37  High Templar x3  
  180  22:41  Zealot x4  
  180  22:42  Zealot x2  
  196  22:50  Observer  
  195  22:58  Zealot  
  168  23:38  Observer  
  163  23:46  High Templar x2  
  163  23:47  High Templar x3  
  163  23:48  High Templar  
  170  23:50  Zealot x2  
  174  23:55  Zealot  
  174  23:56  Zealot  
  178  24:04  Warp Prism  
  178  24:10  Carrier x2  
  178  24:13  Zealot x2  
  178  24:16  Archon  
  180  24:17  Archon  
  192  24:24  Shield Battery  
  192  24:26  Shield Battery  
  188  24:32  Zealot x5  
  188  24:33  Zealot  
  198  24:40  Zealot  
  194  25:05  Zealot x5  
  194  25:06  Zealot x2  
  198  25:21  Robotics Bay, Carrier  
  198  25:31  Warp Prism  
  196  25:57  Protoss Air Armor Level 3  
  196  26:02  Zealot x2  
  190  26:41  Pylon  
  190  26:43  Photon Cannon  
  190  26:45  Photon Cannon  
  190  26:48  Pylon  
  189  26:55  Photon Cannon  
  189  26:56  Photon Cannon x2  
  189  26:57  Photon Cannon  
  189  26:58  Shield Battery  
  189  27:00  Photon Cannon  
  187  27:15  Shield Battery  
  187  27:27  High Templar x3, Pylon  
  193  27:31  High Templar  
  193  27:32  High Templar  
  191  27:40  High Templar, Archon  
  191  27:42  Carrier  
  193  27:45  Archon  
  199  28:11  Shield Battery, Photon Cannon  
  199  28:13  Shield Battery  
  199  28:26  Tempest  
  196  28:35  Zealot x2  
  196  28:36  Zealot  
  200  28:45  Photon Cannon  
  200  28:47  Photon Cannon  
  198  28:49  Photon Cannon  
  198  28:51  Photon Cannon  
  198  28:54  Shield Battery  
  194  28:57  Photon Cannon, Pylon x2  
  194  28:58  Shield Battery  
  194  28:59  Pylon  
  194  29:04  Pylon  
  194  29:05  Nexus  
  192  29:15  Zealot x3  
  192  29:16  Zealot  
  200  29:22  Photon Cannon  
  200  29:23  Photon Cannon  
  198  29:24  Shield Battery, Zealot  
  176  29:50  Tempest x2  
  175  30:00  Photon Cannon  
  175  30:01  High Templar  
  175  30:02  High Templar x2, Photon Cannon  
  181  30:18  Assimilator  
  181  30:22  Warp Prism  
  166  30:44  Shield Battery  
  166  30:45  High Templar  
  166  30:46  High Templar x3, Assimilator  
  174  30:51  Archon  
  174  30:52  Archon x2  
  174  30:56  Carrier  
  174  31:02  Oracle  
  174  31:03  Photon Cannon  
  174  31:05  Photon Cannon  
  178  31:19  Shield Battery  
  178  31:25  High Templar x3  
  180  31:27  High Templar x3  
  180  31:28  Zealot x2  
  180  31:29  Zealot x2  
  183  32:47  Mothership  
  173  32:52  High Templar x3  
  173  32:53  High Templar x2  
  173  32:54  High Templar  
  193  33:00  Archon x2  
  193  33:01  Archon  
  193  33:03  Tempest  
  195  33:47  Assimilator  
  195  33:49  Photon Cannon  
  195  33:50  Photon Cannon  
  195  34:07  Observer  
  196  34:14  Archon  
  196  34:20  Photon Cannon  
  196  34:22  Photon Cannon  
  196  34:23  Photon Cannon  
  196  34:24  Photon Cannon  
  184  34:42  High Templar  
  184  34:43  High Templar x2  
  184  34:44  High Templar x3  
  193  34:46  Tempest  
  198  34:53  High Templar  
  170  35:34  Stalker  
  170  35:35  Stalker x5  
  161  35:37  Carrier x2  
  161  35:39  Archon  
  166  35:44  Stalker x3  
  166  35:45  Stalker  
  170  35:51  Archon x2  
  170  35:52  Archon  
  166  36:04  High Templar  
  166  36:05  High Templar x3  
  174  36:12  Stalker  
  174  36:13  Stalker x2  
  167  36:41  Carrier  
  173  36:52  High Templar  
  173  36:54  Zealot x5  
  177  36:55  Zealot x4  
  183  37:25  High Templar x2  
  152  38:44  High Templar  
  152  38:46  Zealot x5  
  162  38:51  Zealot  
  161  39:15  Archon  
  159  39:21  Pylon  
  159  39:22  Pylon  
  159  39:26  Stalker  
  153  39:55  Photon Cannon  
  153  39:57  Photon Cannon  
  153  39:58  Photon Cannon  
  153  39:59  Zealot x3  
  159  40:05  Nexus  
  159  40:06  Zealot x4  
  159  40:07  Zealot, Pylon  
  169  40:08  Pylon  
  169  40:10  Pylon  
  169  40:12  Assimilator  
  169  40:15  Photon Cannon  
  165  40:34  Photon Cannon  
  165  40:35  Photon Cannon  
  159  40:37  Photon Cannon  
  159  40:38  Photon Cannon  
  159  40:39  Photon Cannon  
  149  40:50  Zealot  
  149  40:51  Zealot x4  
  107  41:05  Stalker  
  78  42:23  High Templar  
  80  42:33  High Templar  
  80  42:44  Stalker  
  74  43:25  High Templar  
  74  43:27  Zealot x6  
  78  43:28  Zealot  
  90  43:35  Observer  
  90  44:03  High Templar  
Show
View Real Time Build Order
Export as new Build Order

lIlIlIlIlIlI Zerg - Winner!

Build Orders: Hatch First, Brood Lord Corruptor 

Get SALT Encoding   

  12  0:01  Drone  
  13  0:13  Overlord  
  13  0:21  Drone  
  14  0:31  Drone x2  
  16  0:51  Hatchery  
  16  0:53  Drone  
  17  0:57  Drone  
  17  1:00  Drone  
  18  1:10  Extractor  
  17  1:16  Spawning Pool  
  16  1:21  Drone  
  16  1:22  Drone  
  18  1:30  Drone  
  19  1:39  Overlord  
  19  2:03  Queen x2  
  19  2:04  Zergling x4  
  25  2:11  Drone  
  26  2:21  Metabolic Boost  
  26  2:22  Drone x2  
  28  2:23  Drone  
  28  2:27  Drone  
  31  2:37  Overlord, Drone  
  31  2:45  Drone x2  
  33  2:56  Lair  
  33  2:57  Drone  
  33  2:58  Drone  
  35  3:09  Hatchery  
  34  3:19  Zergling x8  
  38  3:22  Queen  
  38  3:24  Drone  
  40  3:48  Extractor  
  40  3:49  Extractor, Overlord  
  40  3:50  Extractor, Drone x5  
  42  4:03  Overlord x2  
  42  4:07  Queen  
  43  4:24  Drone  
  43  4:25  Drone x6  
  43  4:28  Spire  
  50  4:32  Hydralisk Den  
  50  4:35  Evolution Chamber  
  50  4:38  Drone x3  
  49  4:41  Queen  
  53  4:50  Roach Warren  
  52  4:53  Drone x2  
  52  4:54  Drone x3  
  52  4:55  Drone  
  58  5:04  Overlord  
  58  5:05  Overlord  
  58  5:09  Grooved Spines  
  58  5:16  Spore Crawler  
  58  5:19  Spore Crawler x2, Drone  
  58  5:20  Drone  
  57  5:22  Drone  
  57  5:26  Zerg Missile Weapons Level 1  
  59  5:30  Drone x4  
  63  5:40  Hydralisk x3  
  70  5:50  Drone x2  
  70  5:58  Drone x2  
  70  5:59  Drone  
  73  6:05  Hatchery  
  70  6:16  Overlord x2  
  69  6:19  Drone  
  69  6:20  Drone x5  
  69  6:25  Drone x6  
  81  6:28  Extractor  
  81  6:29  Extractor  
  79  6:37  Hydralisk  
  79  6:38  Hydralisk x4  
  89  6:51  Overlord x3  
  89  6:55  Muscular Augments  
  89  6:58  Infestation Pit  
  88  7:12  Hydralisk  
  88  7:13  Hydralisk x8  
  106  7:31  Hydralisk  
  106  7:32  Hydralisk x5  
  118  7:38  Zerg Missile Weapons Level 2  
  118  7:41  Hive  
  118  7:44  Drone  
  118  7:45  Overlord x3  
  119  8:03  Overlord x2  
  119  8:04  Overlord x2  
  119  8:06  Drone  
  119  8:07  Drone x9  
  119  8:08  Drone  
  130  8:23  Drone  
  130  8:24  Drone x3  
  134  8:27  Spine Crawler  
  134  8:30  Spine Crawler x2  
  129  8:35  Spore Crawler  
  129  8:41  Extractor, Drone x3  
  129  8:42  Drone x3  
  129  8:43  Extractor  
  129  8:46  Spine Crawler  
  129  8:47  Spore Crawler  
  129  8:48  Spine Crawler x2  
  128  8:56  Spire  
  127  9:08  Overseer x2  
  127  9:12  Drone x3  
  127  9:13  Drone x5  
  135  9:18  Spine Crawler  
  135  9:19  Spine Crawler x3, Drone  
  135  9:20  Spine Crawler, Drone x3  
  134  9:51  Hydralisk x11  
  156  10:01  Hatchery  
  156  10:02  Hatchery  
  150  10:28  Hydralisk  
  150  10:29  Hydralisk x12  
  174  11:04  Greater Spire  
  174  11:06  Spire  
  174  11:07  Zerg Missile Weapons Level 3  
  174  11:08  Corruptor  
  174  11:11  Overlord x4, Hatchery  
  174  11:29  Overlord x2  
  174  11:30  Corruptor x10  
  194  11:52  Drone x3  
  194  11:53  Drone  
  198  11:54  Hydralisk  
  175  12:33  Brood Lord  
  175  12:34  Brood Lord x9  
  174  12:51  Hydralisk x5  
  174  12:52  Hydralisk x4  
  191  13:07  Pathogen Glands  
  188  13:14  Drone  
  188  13:15  Drone x5  
  192  13:29  Zerg Flyer Weapons Level 1  
  192  13:31  Zerg Flyer Armor Level 1  
  192  13:35  Hatchery  
  192  13:37  Spine Crawler, Drone x6  
  192  13:39  Spine Crawler  
  195  13:41  Spine Crawler  
  195  13:44  Zerg Ground Armor Level 1  
  194  13:59  Spine Crawler  
  194  14:00  Spine Crawler  
  194  14:02  Spine Crawler  
  189  14:03  Neural Parasite  
  188  14:29  Drone x9  
  197  14:33  Overseer x3  
  196  14:54  Hatchery  
  196  14:55  Spine Crawler  
  196  14:58  Spine Crawler x2  
  192  15:01  Spine Crawler  
  191  15:07  Extractor  
  188  15:21  Extractor  
  188  15:28  Hatchery  
  184  15:45  Hydralisk  
  184  15:46  Hydralisk x4  
  184  15:48  Overlord x3  
  194  15:50  Zerg Flyer Weapons Level 2  
  194  15:51  Zerg Flyer Armor Level 2  
  194  15:54  Zerg Ground Armor Level 2  
  193  16:20  Spine Crawler  
  193  16:21  Spine Crawler  
  185  16:30  Hatchery, Infestor x2  
  185  16:31  Infestor x6  
  200  16:35  Spine Crawler  
  199  16:43  Drone  
  200  17:00  Hatchery  
  199  17:18  Drone  
  194  17:44  Brood Lord  
  188  18:17  Corruptor x6  
  188  18:18  Corruptor x2  
  200  18:29  Spine Crawler  
  191  18:42  Spine Crawler  
  191  18:43  Spore Crawler x2  
  191  18:45  Spine Crawler  
  191  18:46  Spore Crawler  
  184  18:50  Hydralisk  
  184  18:51  Hydralisk x7  
  199  18:57  Drone  
  199  18:59  Spine Crawler  
  199  19:00  Spine Crawler  
  199  19:01  Spine Crawler  
  199  19:02  Queen  
  197  19:03  Spine Crawler x2  
  197  19:06  Spine Crawler  
  190  19:11  Zerg Flyer Weapons Level 3  
  190  19:13  Zerg Flyer Armor Level 3  
  190  19:22  Drone x4  
  190  19:23  Drone x6  
  200  19:29  Spine Crawler  
  200  19:30  Hatchery  
  164  20:08  Corruptor  
  164  20:09  Corruptor x11  
  166  20:21  Hydralisk  
  166  20:22  Hydralisk x3  
  166  20:28  Queen x4  
  168  20:52  Corruptor  
  168  20:53  Corruptor x8  
  176  21:07  Corruptor x3  
  153  21:25  Drone  
  153  21:26  Drone x9  
  162  21:36  Spine Crawler x2  
  156  21:46  Brood Lord x2  
  156  21:57  Drone  
  156  21:58  Drone x6  
  163  22:02  Brood Lord  
  165  22:32  Brood Lord x2  
  165  22:36  Extractor  
  168  22:38  Spore Crawler  
  168  22:39  Extractor, Spine Crawler x2, Drone  
  168  22:40  Drone x5  
  168  22:41  Spine Crawler  
  169  22:47  Spine Crawler  
  169  22:50  Spine Crawler  
  167  22:55  Spine Crawler  
  164  23:05  Zerg Ground Armor Level 3  
  162  23:09  Spore Crawler  
  162  23:10  Spore Crawler  
  162  23:11  Spore Crawler x2  
  158  23:16  Overseer  
  158  23:17  Overseer x2  
  142  23:28  Corruptor  
  142  23:29  Corruptor x5  
  141  23:47  Drone  
  140  23:55  Hatchery  
  139  24:02  Hydralisk x4  
  147  24:20  Brood Lord  
  149  24:48  Hatchery  
  148  25:06  Spine Crawler  
  147  25:08  Spine Crawler  
  147  25:09  Spine Crawler  
  147  25:10  Spore Crawler  
  142  25:39  Brood Lord x3  
  148  25:43  Drone x5  
  153  26:16  Evolution Chamber  
  153  26:17  Corruptor, Evolution Chamber  
  153  26:18  Corruptor x2  
  153  26:19  Evolution Chamber  
  156  26:26  Drone x2, Evolution Chamber  
  156  26:27  Drone x2  
  159  26:38  Corruptor x2  
  159  27:15  Corruptor  
  159  27:16  Corruptor x3  
  159  27:54  Spine Crawler, Hatchery  
  159  27:55  Spine Crawler x2  
  159  27:56  Viper x2  
  161  27:58  Spine Crawler  
  161  27:59  Spore Crawler  
  161  28:00  Spore Crawler  
  158  28:05  Spine Crawler  
  158  28:06  Spine Crawler  
  158  28:07  Spine Crawler  
  135  28:39  Infestor x3  
  141  28:46  Extractor  
  141  28:47  Spine Crawler  
  139  28:49  Spine Crawler  
  139  28:51  Spine Crawler  
  139  28:54  Spine Crawler  
  136  28:56  Spore Crawler  
  136  28:57  Spore Crawler x2  
  136  28:58  Drone  
  136  28:59  Drone x12  
  146  29:06  Spine Crawler  
  145  29:10  Spine Crawler  
  145  29:11  Spine Crawler  
  127  30:00  Spine Crawler, Brood Lord x6  
  127  30:02  Spine Crawler  
  127  30:03  Spore Crawler  
  127  30:04  Extractor  
  127  30:05  Extractor  
  127  30:06  Spore Crawler  
  133  30:09  Spine Crawler x4  
  133  30:12  Spore Crawler, Spine Crawler  
  127  30:15  Spore Crawler  
  127  30:16  Drone  
  127  30:17  Drone x6  
  127  30:21  Drone x3  
  134  30:25  Spine Crawler  
  134  30:26  Spine Crawler  
  134  30:28  Spore Crawler  
  133  30:34  Corruptor  
  133  30:35  Corruptor x4  
  141  30:50  Spine Crawler  
  141  30:52  Spine Crawler  
  132  31:06  Corruptor x5  
  138  31:20  Corruptor x2  
  138  31:25  Drone  
  143  31:26  Drone x2  
  145  31:56  Spore Crawler, Drone x4  
  145  31:57  Drone  
  149  32:08  Spine Crawler  
  146  32:18  Viper x3  
  147  33:05  Drone x9  
  151  33:06  Drone x4  
  151  33:07  Spine Crawler x2  
  151  33:09  Spine Crawler x2  
  145  33:32  Brood Lord x4  
  145  33:33  Brood Lord  
  155  33:42  Spine Crawler  
  152  34:04  Infestor x4  
  160  34:19  Spore Crawler  
  160  34:21  Spine Crawler  
  147  34:38  Viper x4  
  149  35:01  Corruptor  
  149  35:02  Corruptor x10  
  146  35:31  Corruptor  
  146  35:32  Corruptor x3  
  139  35:54  Spine Crawler  
  139  35:55  Spine Crawler  
  139  35:56  Spine Crawler x2  
  135  35:57  Spine Crawler x2  
  131  36:18  Corruptor  
  131  36:19  Corruptor x3  
  121  37:16  Brood Lord x3  
  125  37:53  Corruptor x2  
  107  39:18  Hydralisk  
  107  39:19  Hydralisk x2  
  107  39:23  Hydralisk x3  
  119  39:27  Hydralisk x3  
  114  40:48  Hydralisk x3  
Tags
 
Add a new tag
Caveats
  • Supply blocks, unpowered buildings, or Contaminate may cause inaccurate times.
  • Supply counts are checked every 10 seconds.